 Dungeon Crawl Stone Soup version 0.29.1-12-g30fa7ad0bf (webtiles) character file.

Game seed: 5577144282954888678

3155 H0rd4k the Martial Artist (level 9, -4/63 HPs)
             Began as an Octopode Artificer on Dec 23, 2022.
             Was an Initiate of Gozag.
             Slain by a yak (9 damage)
             ... on level 8 of the Dungeon.
             The game lasted 00:13:08 (6977 turns).

H0rd4k the Martial Artist (Octopode Artificer)      Turns: 6977, Time: 00:13:08

Health: -4/63      AC:  1    Str: 11    XL:     9   Next: 93%
Magic:  16/17      EV: 13    Int: 18    God:    Gozag
Gold:   1046       SH:  0    Dex: 12    Spells: 16/18 levels left

rFire   . . .      SeeInvis .     - Unarmed
rCold   . . .      Faith    .   (no shield)
rNeg    . . .      Spirit   .   (helmet restricted)
rPois   +          Reflect  .   s - amulet of regeneration
rElec   .          Harm     .   e - ring of poison resistance
rCorr   .          Rampage  .   J - ring of flight
Will    .....                   (no ring)
Stlth   +++.......              (no ring)
HPRegen 1.00/turn               (no ring)
MPRegen 0.15/turn               (no ring)
                                (no ring)
                                (no ring)

@: gold aura, flying
A: almost no armour, amphibious, 8 rings, camouflage 1, gelatinous body 1,
(nimble swimmer 1), tentacles
a: Renounce Religion, Potion Petition, Call Merchant, Bribe Branch


You were on level 8 of the Dungeon.
You worshipped Gozag.
Gozag was most pleased with you.
You visited 2 branches of the dungeon, and saw 9 of its levels.
You also visited: Sewer.

You collected 1125 gold pieces.
You paid 79 gold pieces to Gozag.

Inventory:

Missiles
 l - 12 poisoned darts (quivered)
Magical Staves
 o - a staff of earth
 w - a staff of air
Jewellery
 b - an amulet of guardian spirit
 e - a ring of poison resistance (left tentacle)
 s - an amulet of regeneration (around mantle)
 u - an amulet of magic regeneration
 J - a ring of flight (right tentacle)
Wands
 v - a wand of roots (19)
 H - a wand of digging (10)
Scrolls
 g - 2 scrolls of fear {unknown}
 h - a scroll of immolation {unknown}
 i - a scroll of enchant armour {unknown}
 n - 7 scrolls of identify {unknown}
 p - 2 scrolls of poison {unknown}
 q - 3 scrolls of magic mapping {unknown}
 r - 2 scrolls of vulnerability {unknown}
 t - a scroll of brand weapon {unknown}
 y - 2 scrolls of blinking {unknown}
 z - a scroll of summoning {unknown}
 E - 4 scrolls of noise {unknown}
 F - 3 scrolls of teleportation {unknown}
 I - a scroll of amnesia {unknown}
 L - a scroll of silence {unknown}
Potions
 d - 2 potions of brilliance {unknown}
 f - 5 potions of haste {unknown}
 j - 2 potions of flight {unknown}
 k - a potion of invisibility {unknown}
 m - a potion of degeneration {unknown}
 x - 3 potions of might {unknown}
 A - a potion of mutation {unknown}
 B - a potion of attraction {unknown}
 C - a potion of curing {unknown}
 D - a potion of lignification {unknown}
 G - 2 potions of resistance {unknown}
 K - a potion of cancellation {unknown}


   Skills:
 + Level 6.3 Fighting
 + Level 4.0 Throwing
 - Level 2.3 Dodging
 - Level 1.3 Stealth
 + Level 9.1 Unarmed Combat
 * Level 5.3 Spellcasting
 * Level 1.8 Translocations
 - Level 3.2 Evocations


You had 16 spell levels left.
You knew the following spells:

 Your Spells              Type           Power      Damage    Failure   Level
a - Blink                 Tloc           22%        N/A       10%         2

Your spell library contained the following spells:

 Spells                   Type           Power      Damage    Failure   Level
 Sandblast                Erth           8%         2d5       13%         1
 Passwall                 Tmut/Erth      3%         N/A       19%         2
 Static Discharge         Conj/Air       4%         3-4/arc   19%         2
 Portal Projectile        Hex/Tloc       16%        N/A       26%         3
 Stone Arrow              Conj/Erth      8%         3d7       36%         3
 Tukima's Dance           Hex            4%         N/A       36%         3
 Manifold Assault         Tloc           11%        N/A       86%         5
 Blade Hands              Tmut           2%         N/A       98%         5
 Lightning Bolt           Conj/Air       2%         1d13      98%         5
 Storm Form               Tmut/Air       2%         N/A       100%        7
 Maxwell's Capacitive Co  Air            2%         ∞         100%        8


Dungeon Overview and Level Annotations

Branches:
Dungeon (8/15)             Temple (1/1) D:5           Sewer (visited)
   Lair: D:8-11

Altars:
Ashenzari
Gozag
Hepliaklqana
Kikubaaqudgha
Makhleb
Okawaru
Ru
Sif Muna
Trog
Uskayaw
Vehumet
Wu Jian
Yredelemnul
Zin
The Shining One

Annotations:
D:4 Blork the orc, Robin
D:6 exclusion: downstairs
D:7 exclusion: ice beast, Joseph


Innate Abilities, Weirdness & Mutations

You cannot wear most types of armour.
You are amphibious.
You can wear up to eight rings at the same time.
Your skin changes colour to match your surroundings (Stealth+).
Your rubbery body absorbs attacks. (AC +1, EV +1)
((You are camouflaged when in or above water. (Stealth+)))
You have tentacles for arms and can constrict up to eight enemies at once.


Message History

You tentacle-slap the yak but do no damage.
The yak is heavily wounded.
The yak gores you!
* * * LOW HITPOINT WARNING * * *
Aiming: Charm
Press: ? - help, Shift-Dir - straight line, f - yak
Aim: a yak (heavily wounded, chance to affect: 57%)
The yak resists with significant effort.
The yak misses you.
Unknown command.
Okay, then.
You feel much better. The yak completely misses you.
The yak closely misses you.
Okay, then.
The yak attacks as you move away! The yak gores you!
The yak attacks as you move away! The yak gores you!
The yak attacks as you move away! The yak gores you!
* * * LOW HITPOINT WARNING * * *
The yak attacks as you move away! The yak gores you!
* * * LOW HITPOINT WARNING * * *
The yak attacks as you move away! The yak closely misses you.
Aiming: Charm
Press: ? - help, Shift-Dir - straight line, f/p - yak
Aim: a yak (heavily wounded, chance to affect: 57%)
The yak is charmed.
The now-empty wand crumbles to dust.
The yak gores your yak! x2
Unknown command.
What are your orders? t - Shout!
Orders for allies: a - Attack new target. p - Attack previous target. r - Retreat! s - Stop attacking. g - Guard the area. f - Follow me.
Anything else - Cancel.
Guard this area!
An orc comes into view.
It is wielding a +0 flail and quivering silver boomerangs.
Your yak gores the yak!
The yak gores your yak!
Your yak dies!
The yak attacks as you move away! The yak gores you!
You die...
Your body crumbles into a pile of gold.

#)))##........ ......
###...#.......... ##...
##...#............ #....
##.....##..........##....
#.......#................
#.......#..........##....
#.....).#..........##....
##.....##......o.........
##......@................
#...>...#Y####.....#.##.#
#....)..#YY....#####.....
#.......##.....# ###...
##.....###.....# ####
##...## #.....## ####
##### #......### #..)
#####$...# #..) #$##.#
#...


You could see 3 yaks and an orc.

Vanquished Creatures
  A yak (D:8)
  An acid dragon (D:8)
  An ice beast (D:5)
  A black bear (D:5)
  3 ogres
  A sky beast (D:7)
  A centaur (D:8)
  2 phantoms
  A kobold brigand (D:6)
  A bullfrog (D:7)
  2 necrophages
  3 scorpions (D:4)
  A wight (D:6)
  3 howler monkeys (D:8)
  2 orc priests (D:8)
  7 hounds
  5 jellies
  6 orc wizards
  4 iguanas
  10 gnolls
  9 adders
  2 white imps
  A worm (D:2)
  A dart slug (D:2)
  19 orcs
  13 endoplasms
  14 giant cockroaches
  4 hobgoblins
  2 jackals (D:2)
  3 kobolds
  6 quokkas
  14 ball pythons
  6 bats
  3 frilled lizards
  9 goblins
  12 rats
174 creatures vanquished.

Vanquished Creatures (collateral kills)
  An orc warrior (D:7)
  An ice beast (D:6)
  An ogre (D:6)
  A centaur (D:6)
  A scorpion (D:6)
  An orc priest (D:7)
  An orc wizard (D:6)
  An adder (D:6)
  A white imp (D:6)
  A ball python (D:3)
  A goblin (D:4)
11 creatures vanquished.

Vanquished Creatures (others)
  2 yaks (D:8)
  An ice beast (D:7)
  An ogre (D:6)
  2 orc wizards (D:6)
  An adder (D:6)
  An orc (D:3)
  An endoplasm (D:3)
9 creatures vanquished.

Grand Total: 194 creatures vanquished

Notes
Turn   | Place    | Note
-------+----------+-------------------------------------------
     0 | D:1      | H0rd4k the Octopode Artificer began the quest for the Orb.
     0 | D:1      | Reached XP level 1. HP: 13/13 MP: 1/1
   200 | D:1      | Found a faded altar of an unknown god.
   275 | D:1      | Reached XP level 2. HP: 18/18 MP: 1/3
   434 | D:1      | Reached skill level 1 in Spellcasting
  1046 | D:2      | Reached XP level 3. HP: 20/24 MP: 3/5
  1195 | D:2      | Reached skill level 1 in Unarmed Combat
  1908 | D:2      | Reached XP level 4. HP: 30/30 MP: 6/6
  2287 | D:3      | Found a sacrificial altar of Ru.
  2420 | D:3      | Reached skill level 2 in Unarmed Combat
  2621 | D:3      | Reached XP level 5. HP: 35/35 MP: 6/8
  2652 | D:3      | HP: 1/35 [gnoll/+0 spear (3)]
  2755 | D:4      | Reached skill level 3 in Unarmed Combat
  3016 | D:4      | Reached XP level 6. HP: 38/42 MP: 9/9
  3052 | D:4      | Noticed Robin
  3069 | D:4      | Reached skill level 1 in Throwing
  3069 | D:4      | Reached skill level 4 in Unarmed Combat
  3640 | D:4      | Reached XP level 7. HP: 33/46 MP: 11/11
  3705 | D:4      | Noticed Blork the orc
  3992 | D:5      | Entered Level 5 of the Dungeon
  4045 | D:5      | Reached skill level 5 in Unarmed Combat
  4217 | D:5      | Found a staircase to the Ecumenical Temple.
  4357 | Temple   | Entered the Ecumenical Temple
  4369 | Temple   | Became a worshipper of Gozag Ym Sagoz the Greedy
  4413 | D:5      | Reached XP level 8. HP: 54/54 MP: 13/13
  4526 | D:5      | Reached skill level 6 in Unarmed Combat
  4954 | D:6      | Reached skill level 5 in Fighting
  4954 | D:6      | Reached skill level 7 in Unarmed Combat
  5010 | D:6      | Found a glowing drain.
  5018 | Sewer    | Entered a sewer
  5128 | Sewer    | Reached XP level 9. HP: 57/61 MP: 15/15
  5245 | Sewer    | Found a viscous altar of Jiyva.
  5813 | D:7      | Noticed Joseph
  6014 | D:7      | Reached skill level 8 in Unarmed Combat
  6467 | D:7      | Learned a level 2 spell: Blink
  6643 | D:8      | Reached skill level 5 in Spellcasting
  6691 | D:8      | Reached skill level 1 in Translocations
  6961 | D:8      | Reached skill level 9 in Unarmed Combat
  6973 | D:8      | HP: 1/62 [yak (14)]
  6977 | D:8      | Slain by a yak

Illustrated notes

Levels and vault maps discovered:
D:1:      lemuel_arrival_behind_the_door_small, layout_loops_ring,
          chequers_ecumenical_altar_grove, nrook_campfire
D:2:      layout_basic
D:3:      layout_loops_ring, lemuel_tele_altar
D:4:      layout_cave_pools, wad_floor_pattern_untrapped, minmay_snake_closets,
          uniq_robin, uniq_blork_the_orc
D:5:      layout_basic, minmay_temple_entry_metal_lava
D:6:      layout_rooms, gup_sewer_entry_pipe, minmay_checkerbox
D:7:      minmay_angry_zag, layout_basic, uniq_joseph
D:8:      layout_rooms, moated_statue, st_stairs_7
Temple:   nicolae_temple_x_marks_the_god

Skill      XL: |  1  2  3  4  5  6  7  8  9 |
---------------+----------------------------+-----
Spellcasting   | 1 2 3 4 5 |  5.3
Fighting       | 2 3 4 5 6 |  6.3
Unarmed Combat | 1 2 3 4 5 7 9 |  9.1
Throwing       | 1 2 3 4 |  4.0
Translocations | 1 |  1.8
Dodging        | |  2.3
Stealth        | |  1.3
Evocations     | |  3.2

Action                   |  1- 3 |  4- 6 |  7- 9 || total
-------------------------+-------+-------+-------++-------
Melee: Unarmed           |    94 |    53 |   292 ||   439
       Tentacles         |    25 |    15 |    73 ||   113
       Constrict         |    22 |    14 |    56 ||    92
       Punch             |     1 |     1 |    13 ||    15
Throw: Dart              |     1 |    21 |    15 ||    37
Evoke: Wand              |     1 |    11 |    44 ||    56
  Use: Potion            |       |       |     4 ||     4
 Stab: Sleeping          |    11 |     2 |    21 ||    34
       Distracted        |       |       |     4 ||     4
Armor: Skin              |    15 |     3 |    15 ||    33
Dodge: Dodged            |    85 |    26 |   144 ||   255
